[Event "Titled Tuesday Blitz July 4 Early 2023"]
[White "realmadridfc123"]
[Black "Ladan, Nicholas"]
[BlackFideId "30918855"]
[WhiteElo "2753"]
[BlackElo "2423"]
[Result "0-1"]
[Round "4"]
[TimeControl "180+2"]
[Date "2023.07.04"]
[WhiteClock "0:00:04"]
[BlackClock "0:00:03"]
[Board "135"]

1. e4 e5 2. Nf3 Nc6 3. Bb5 a6 4. Ba4 Nge7 5. c3 Ng6 6. d4 b5 7. Bb3 exd4 8. cxd4 Bb4+ 9. Nc3 O-O 10. O-O d6 11. Bg5 Qe8 12. Nd5 Ba5 13. Rc1 Bg4 14. Be3 Nh4 15. Nxc7 Bxc7 16. Bd5 Qc8 17. Bg5 Nxf3+ 18. gxf3 Bh3 19. Re1 Ba5 20. Rxc6 Qd7 21. Re3 Rac8 22. Qc2 Rxc6 23. Qxc6 Rc8 24. Rc3 Rxc6 25. Rxc6 h6 26. Bf4 Qe7 27. Rxa6 Be1 28. Bxd6 Qh4 29. Bg3 Qg5 30. Ra8+ Kh7 31. Bxf7 Qf6 32. Bg8+ Kg6 33. f4 Bxf2+ 34. Bxf2 Qxf4 35. Ra6+ Kh5 36. Ra3 Qc1+ 37. Be1 Qxe1# 0-1


[Site "https://www.chess.com"]

[Event "Titled Tuesday Blitz July 4 Early 2023"]
[White "Disconzi da Silva, Rodrigo"]
[Black "Shuvalova, Polina"]
[WhiteFideId "2100991"]
[BlackFideId "24171760"]
[WhiteElo "2423"]
[BlackElo "2714"]
[Result "1-0"]
[Round "4"]
[TimeControl "180+2"]
[Date "2023.07.04"]
[WhiteClock "0:00:19"]
[BlackClock "0:00:18"]
[Board "136"]

1. d4 Nf6 2. c4 e6 3. Nc3 d5 4. Nf3 c5 5. e3 Nc6 6. a3 a6 7. dxc5 Bxc5 8. b4 Ba7 9. Bb2 O-O 10. Qc2 Qe7 11. Rd1 Rd8 12. Be2 d4 13. exd4 Nxd4 14. Nxd4 Bxd4 15. O-O e5 16. Bf3 Be6 17. c5 Rac8 18. Rfe1 h6 19. Ne4 Nxe4 20. Bxe4 Qf6 21. Bxb7 Rc7 22. Bxa6 Bf5 23. Qe2 Bg4 24. Qxg4 Qxf2+ 25. Kh1 Qxb2 26. Bd3 Qxa3 27. Qe4 g6 28. Rb1 Qc3 29. Rf1 Kg7 30. Bc2 f5 31. Qe2 e4 32. Rb3 Qxb3 33. Bxb3 Bc3 34. Qc4 Rd3 35. g4 e3 36. gxf5 e2 37. f6+ Kf8 38. Rg1 e1=Q 39. Qg8# 1-0


[Site "https://www.chess.com"]

[Event "Titled Tuesday Blitz July 4 Early 2023"]
[White "Cugimura97"]
[Black "Vivas Zamora, Fabian Ernesto"]
[BlackFideId "3902480"]
[WhiteElo "2688"]
[BlackElo "2423"]
[Result "1-0"]
[Round "4"]
[TimeControl "180+2"]
[Date "2023.07.04"]
[WhiteClock "0:01:04"]
[BlackClock "0:00:01"]
[Board "137"]

1. Nf3 Nf6 2. b3 g6 3. Bb2 Bg7 4. d4 O-O 5. g3 c5 6. dxc5 Na6 7. Bd4 Ne8 8. c3 Qc7 9. Bxg7 Nxg7 10. b4 b6 11. cxb6 axb6 12. Bg2 Bb7 13. O-O Rfc8 14. Qb3 b5 15. Rc1 Qd6 16. Na3 Bd5 17. Nxb5 Qc6 18. Nbd4 Qb7 19. c4 Be4 20. a3 Ne6 21. Nxe6 dxe6 22. Qe3 Rc7 23. Nh4 Bxg2 24. Nxg2 Qc8 25. c5 Qb7 26. Nh4 Qb5 27. Nf3 Rca7 28. Qh6 f6 29. Qe3 Nxb4 30. Qxe6+ Kh8 31. Rab1 Qc6 32. Qc4 Nd5 33. Nd4 Qd7 34. c6 Qd8 35. Nb5 Ra4 36. Qc5 Nc7 37. Rd1 Qc8 38. Qxe7 Nxb5 39. Rd7 Qg8 40. Qxf6+ Qg7 41. Qxg7# 1-0


[Site "https://www.chess.com"]

[Event "Titled Tuesday Blitz July 4 Early 2023"]
[White "Ncatt"]
[Black "Amilal Munkhdalai"]
[BlackFideId "4903250"]
[WhiteElo "2420"]
[BlackElo "2679"]
[Result "0-1"]
[Round "4"]
[TimeControl "180+2"]
[Date "2023.07.04"]
[WhiteClock "0:01:15"]
[BlackClock "0:02:04"]
[Board "138"]

1. g3 d5 2. Bg2 c6 3. Nf3 Nf6 4. O-O Bg4 5. d4 Nbd7 6. b3 e6 7. Bb2 Bd6 8. c4 O-O 9. Nbd2 Qe7 10. Re1 Ne4 11. Qc2 f5 12. Nf1 f4 13. Ne5 Nxe5 14. dxe5 Bc5 15. Bxe4 dxe4 16. e3 fxg3 17. hxg3 Bf3 18. Nh2 Qg5 19. Nxf3 exf3 20. Rad1 Qg4 21. Qd3 Rf5 22. Qf1 Rh5 23. Bc1 Rh3 0-1


[Site "https://www.chess.com"]

[Event "Titled Tuesday Blitz July 4 Early 2023"]
[White "Mazurkiewicz, Michal"]
[Black "Danielyan, Vahe"]
[WhiteFideId "1124943"]
[BlackFideId "13304828"]
[WhiteElo "2420"]
[BlackElo "2677"]
[Result "0-1"]
[Round "4"]
[TimeControl "180+2"]
[Date "2023.07.04"]
[WhiteClock "0:00:00"]
[BlackClock "0:00:41"]
[Board "139"]

1. e4 c6 2. d3 d5 3. Nd2 e5 4. Ngf3 Qc7 5. Qe2 Bd6 6. exd5 cxd5 7. Nxe5 Bxe5 8. d4 Nc6 9. Nf3 Bg4 10. dxe5 O-O-O 11. c3 Re8 12. Bf4 f6 13. O-O-O fxe5 14. Bg3 Nf6 15. h3 Bh5 16. Qb5 Ne4 17. Qxd5 Nxg3 18. fxg3 Bf7 19. Qe4 Bg6 20. Qg4+ Kb8 21. Nh4 Bf7 22. Bc4 Rhf8 23. Bxf7 Qxf7 24. Qa4 e4 25. Kb1 g5 26. Rhf1 Qxf1 27. Rxf1 Rxf1+ 28. Kc2 gxh4 29. gxh4 e3 30. Qg4 e2 31. Qg3+ Ka8 0-1


[Site "https://www.chess.com"]

[Event "Titled Tuesday Blitz July 4 Early 2023"]
[White "Bazilius, Augustinas"]
[Black "Le Ruyet, Leopold"]
[WhiteFideId "12832251"]
[BlackFideId "645923"]
[WhiteElo "2417"]
[BlackElo "2629"]
[Result "0-1"]
[Round "4"]
[TimeControl "180+2"]
[Date "2023.07.04"]
[WhiteClock "0:00:20"]
[BlackClock "0:01:13"]
[Board "140"]

1. d4 d5 2. c4 c6 3. Nf3 Nf6 4. g3 e6 5. Bg2 dxc4 6. Ne5 b5 7. Nxc6 Nxc6 8. Bxc6+ Bd7 9. Bxa8 Qxa8 10. f3 h5 11. e4 Nxe4 12. fxe4 Qxe4+ 13. Kf2 h4 14. Qf3 hxg3+ 15. Kxg3 Qxf3+ 16. Kxf3 Bc6+ 17. Kf2 Bxh1 18. Nc3 b4 19. Nb5 a6 20. Nc7+ Kd7 21. Nxa6 Rxh2+ 22. Kg1 Bd6 23. Nxb4 Be4 24. Na6 Bf3 25. Nc5+ Kc6 26. Be3 Bg3 27. Kf1 Rxb2 28. a4 c3 29. Rc1 c2 30. Nd3 Rb1 31. Ne5+ Bxe5 32. dxe5 Rxc1+ 33. Bxc1 Kd5 34. Kf2 Bh1 35. Bb2 Kc4 36. Ke3 Kb3 37. Bc1 Kxa4 38. Kd3 Kb3 39. Ke3 Ka2 40. Kd3 Kb1 41. Kd2 g5 42. Ba3 g4 43. Ke3 c1=Q+ 44. Bxc1 Kxc1 45. Kf4 Bf3 46. Kg3 Kd2 47. Kh2 Ke2 48. Kg3 Ke3 49. Kh2 Kf4 50. Kg1 g3 51. Kf1 Kxe5 52. Kg1 Kf4 53. Kf1 e5 54. Kg1 e4 55. Kf1 e3 56. Kg1 Kg4 57. Kf1 e2+ 58. Ke1 g2 59. Kf2 g1=Q+ 60. Kxg1 e1=Q+ 0-1


[Site "https://www.chess.com"]

[Event "Titled Tuesday Blitz July 4 Early 2023"]
[White "Gomes, Luiz Alexandre de Souza"]
[Black "Manukyan, Sargis V."]
[WhiteFideId "2102790"]
[BlackFideId "13303465"]
[WhiteElo "2415"]
[BlackElo "2621"]
[Result "1-0"]
[Round "4"]
[TimeControl "180+2"]
[Date "2023.07.04"]
[WhiteClock "0:00:58"]
[BlackClock "0:00:02"]
[Board "141"]

1. e4 c5 2. Nf3 Nc6 3. Bb5 g6 4. O-O Bg7 5. c3 e5 6. d3 Nge7 7. Nbd2 O-O 8. h3 d6 9. Ba4 h6 10. Re1 Kh7 11. Nf1 f5 12. exf5 gxf5 13. Bc2 d5 14. Ng3 f4 15. Nh5 Ng6 16. Nxg7 Kxg7 17. b4 cxb4 18. cxb4 Qf6 19. b5 Nb4 20. Bb2 d4 21. Ba3 Nd5 22. Bxf8+ Kxf8 23. Bb3 Nc3 24. Qd2 Bf5 25. Rac1 Rc8 26. Kh2 Rc5 27. a4 b6 28. Qb2 Bxd3 29. Bc2 Bxc2 30. Rxc2 e4 31. Nd2 f3 32. Nxe4 Qe5+ 33. g3 Nxe4 34. Rxc5 bxc5 35. Qc2 Qf5 36. Rxe4 Qf7 37. Qxc5+ Kg7 38. Qxd4+ Kh7 39. Qe3 Qa2 40. h4 Qb1 41. h5 Qf1 42. hxg6+ Kg7 43. Qxf3 Kxg6 44. Re6+ Kg5 45. Qf4+ Kh5 46. Qh4# 1-0


[Site "https://www.chess.com"]

[Event "Titled Tuesday Blitz July 4 Early 2023"]
[White "Vlassov, Nikolai"]
[Black "KorolDimitriy75"]
[WhiteFideId "4103360"]
[WhiteElo "2619"]
[BlackElo "2414"]
[Result "0-1"]
[Round "4"]
[TimeControl "180+2"]
[Date "2023.07.04"]
[WhiteClock "0:00:00"]
[BlackClock "0:00:03"]
[Board "142"]

1. e4 c5 2. c3 d5 3. exd5 Qxd5 4. d4 cxd4 5. cxd4 Nc6 6. Nf3 e5 7. Nc3 Bb4 8. Be2 exd4 9. O-O Qd8 10. Nb5 Nge7 11. Nfxd4 O-O 12. Bg5 Qb6 13. Nxc6 Nxc6 14. a3 Be7 15. Be3 Bc5 16. Bxc5 Qxc5 17. Rc1 Qe5 18. Bc4 Qxb2 19. Nd6 Be6 20. Bxe6 fxe6 21. Qg4 Qf6 22. Nxb7 Nd4 23. Rc7 Rac8 24. Rxc8 Rxc8 25. Nd6 Rd8 26. Ne4 Qf5 27. h3 Qxg4 28. hxg4 Rc8 29. Rb1 h6 30. Rb7 a5 31. Ra7 Nb3 32. g5 hxg5 33. Nxg5 e5 34. Ne6 Rc1+ 35. Kh2 Ra1 36. Rxg7+ Kh8 37. Rb7 Rxa3 38. g4 Nd4 0-1


[Site "https://www.chess.com"]

[Event "Titled Tuesday Blitz July 4 Early 2023"]
[White "Girya, Olga"]
[Black "Kuznetsov, Mikhail"]
[WhiteFideId "4195752"]
[BlackFideId "4117190"]
[WhiteElo "2614"]
[BlackElo "2401"]
[Result "1-0"]
[Round "4"]
[TimeControl "180+2"]
[Date "2023.07.04"]
[WhiteClock "0:00:05"]
[BlackClock "0:00:00"]
[Board "143"]

1. d4 Nf6 2. Nf3 g6 3. Bg5 Ne4 4. Bf4 Bg7 5. Nbd2 d5 6. e3 Nxd2 7. Qxd2 O-O 8. Be2 Bg4 9. h3 Bxf3 10. Bxf3 e6 11. O-O c6 12. c3 Nd7 13. Be2 e5 14. dxe5 Bxe5 15. Bh6 Bg7 16. Bxg7 Kxg7 17. Rfd1 Nf6 18. Qc2 Qe7 19. a4 a5 20. Rd4 Rad8 21. Rad1 Rd7 22. c4 Rfd8 23. Qc3 Qb4 24. Qxb4 axb4 25. cxd5 Rxd5 26. Rxd5 Rxd5 27. Rxd5 Nxd5 28. Bc4 Nb6 29. Bb3 Nd7 30. a5 Nc5 31. Bc4 Kf6 32. f3 Ke5 33. Bxf7 Na4 34. b3 Nc3 35. Kf2 Kf6 36. Bg8 h5 37. e4 g5 38. Ke3 Ke5 39. g3 Nd1+ 40. Ke2 Nc3+ 41. Ke3 Nd1+ 42. Ke2 Nc3+ 43. Kd3 h4 44. gxh4 gxh4 45. Bc4 Nd1 46. Bf7 Nc3 47. Kc4 Na2 48. Be8 Kf4 49. Bxc6 bxc6 50. a6 Nc3 51. a7 Nb5 52. a8=Q Nd6+ 53. Kc5 1-0


[Site "https://www.chess.com"]

[Event "Titled Tuesday Blitz July 4 Early 2023"]
[White "Rios Escobar, Adan"]
[Black "Weishaeutel, Moritz"]
[WhiteFideId "3403645"]
[BlackFideId "12967300"]
[WhiteElo "2401"]
[BlackElo "2610"]
[Result "1-0"]
[Round "4"]
[TimeControl "180+2"]
[Date "2023.07.04"]
[WhiteClock "0:00:13"]
[BlackClock "0:00:41"]
[Board "144"]

1. d4 e6 2. c4 Nf6 3. g3 d5 4. Nf3 Be7 5. Bg2 O-O 6. O-O dxc4 7. Qc2 a6 8. a4 b6 9. Bg5 Bb7 10. Bxf6 Bxf6 11. Ng5 Bxg5 12. Bxb7 Ra7 13. Be4 Qxd4 14. Bxh7+ Kh8 15. Be4 Rd8 16. e3 Qc5 17. Nc3 Nc6 18. Qe2 Bf6 19. Rad1 Raa8 20. Qf3 Ne5 21. Qh5+ Kg8 22. Qh7+ Kf8 23. Bxa8 Nd3 24. Be4 g6 25. Bxd3 cxd3 26. Ne4 Qe5 27. Nxf6 Qxf6 28. Rd2 Ke7 29. Qh4 g5 30. Qb4+ Ke8 31. Qc4 Qf5 32. Rfd1 b5 33. Qc6+ Kf8 34. Qxc7 Rd5 35. Qc8+ Kg7 36. Qc3+ Kh7 37. axb5 axb5 38. Rxd3 Rc5 39. Qd2 Qf3 40. Rd8 Rf5 41. Rc1 Rf6 42. Rcc8 e5 43. Rh8+ Kg6 44. Qd3+ e4 45. Rcg8+ Kf5 46. Qd5+ Kg4 47. h3# 1-0


[Site "https://www.chess.com"]

[Event "Titled Tuesday Blitz July 4 Early 2023"]
[White "Kononenko, Dmitry"]
[Black "Novikova, Galina"]
[WhiteFideId "14113538"]
[BlackFideId "4157095"]
[WhiteElo "2608"]
[BlackElo "2398"]
[Result "1-0"]
[Round "4"]
[TimeControl "180+2"]
[Date "2023.07.04"]
[WhiteClock "0:01:11"]
[BlackClock "0:00:00"]
[Board "145"]

1. e4 e6 2. d4 d5 3. Nc3 Bb4 4. exd5 exd5 5. Bd3 Nf6 6. Ne2 O-O 7. O-O c6 8. Bg5 Bg4 9. f3 Bh5 10. Ng3 Bg6 11. Nce2 Nbd7 12. c3 Bd6 13. Nf4 Qc7 14. Nxg6 hxg6 15. f4 Rfe8 16. Qf3 c5 17. f5 cxd4 18. fxg6 fxg6 19. cxd4 Qb6 20. Bxg6 Qxd4+ 21. Kh1 Rf8 22. Nf5 Qe5 23. Qh3 Qxh2+ 24. Qxh2 Bxh2 25. Ne7+ Kh8 26. Kxh2 Ne5 27. Rh1 Nfg4+ 28. Kg3+ 1-0


[Site "https://www.chess.com"]

[Event "Titled Tuesday Blitz July 4 Early 2023"]
[White "Sadykov, Ramil"]
[Black "Onufrienko, Vladislav"]
[WhiteFideId "24113590"]
[BlackFideId "13804332"]
[WhiteElo "2608"]
[BlackElo "2397"]
[Result "1-0"]
[Round "4"]
[TimeControl "180+2"]
[Date "2023.07.04"]
[WhiteClock "0:00:09"]
[BlackClock "0:00:17"]
[Board "146"]

1. d4 d5 2. c4 c6 3. Nf3 e6 4. Qc2 f5 5. g3 Nf6 6. Bg2 Bd6 7. Bf4 Be7 8. Nbd2 O-O 9. O-O Ne4 10. Ne5 Nd7 11. Ndf3 Ndf6 12. Rfd1 Qe8 13. Rab1 Ng4 14. Nxg4 fxg4 15. Ne5 Nd6 16. b4 Nf5 17. b5 Bd7 18. bxc6 bxc6 19. Nxd7 Qxd7 20. e4 Nd6 21. cxd5 cxd5 22. exd5 Rac8 23. Qb3 exd5 24. Bxd5+ Kh8 25. Be6 Qd8 26. Bxc8 Qxc8 27. Rbc1 Qf5 28. Rc5 Qf6 29. Rc7 Ne4 30. Qc2 Nd6 31. Re1 Nf5 32. Be5 Qg6 33. Qe4 h5 34. d5 a5 35. d6 Bd8 36. Rxg7 Qxg7 37. Bxg7+ Nxg7 38. Qg6 Bb6 39. Re2 Rd8 40. d7 Bc5 41. Re8+ Nxe8 42. dxe8=Q+ Rxe8 43. Qxe8+ 1-0


[Site "https://www.chess.com"]

[Event "Titled Tuesday Blitz July 4 Early 2023"]
[White "FromTexas54"]
[Black "Piesik, Piotr"]
[BlackFideId "1136194"]
[WhiteElo "2394"]
[BlackElo "2601"]
[Result "1/2-1/2"]
[Round "4"]
[TimeControl "180+2"]
[Date "2023.07.04"]
[WhiteClock "0:00:08"]
[BlackClock "0:00:23"]
[Board "147"]

1. d4 c5 2. d5 e5 3. e4 d6 4. Nc3 Be7 5. Bb5+ Nd7 6. a4 Bg5 7. Nf3 Bxc1 8. Qxc1 Ne7 9. O-O O-O 10. a5 a6 11. Bd3 Ng6 12. Re1 Nf4 13. Bf1 f5 14. g3 Ng6 15. exf5 Ne7 16. Bg2 h6 17. Ne4 Nf6 18. Nxf6+ Rxf6 19. g4 Nxd5 20. Nxe5 dxe5 21. Rd1 Rd6 22. Qd2 Bd7 23. Bxd5+ Kh8 24. Qe3 Bc6 25. Bf3 e4 26. Be2 Rxd1+ 27. Rxd1 Qxa5 28. g5 hxg5 29. Qxg5 b5 30. f6 Qc7 31. Qxc5 gxf6 32. Qh5+ Qh7 33. Rd6 Qxh5 34. Bxh5 Rc8 35. Rxf6 Bb7 36. c3 b4 37. Rb6 bxc3 38. bxc3 Bd5 39. Rxa6 Rxc3 40. Rd6 Rd3 41. h3 Kg7 42. Bg4 Kf8 43. Be6 Bxe6 44. Rxe6 Rxh3 45. Rxe4 Kf7 46. Re3 Rxe3 47. fxe3 Kf6 48. Kf2 Ke5 49. Ke2 Ke4 50. Kd2 Ke5 51. Kd3 Kd5 52. Ke2 Ke4 53. Kd2 Ke5 54. Ke2 Ke4 1/2-1/2


[Site "https://www.chess.com"]

[Event "Titled Tuesday Blitz July 4 Early 2023"]
[White "Buscar, Michael"]
[Black "Czerw, Dawid"]
[WhiteFideId "2603616"]
[BlackFideId "1145746"]
[WhiteElo "2394"]
[BlackElo "2594"]
[Result "0-1"]
[Round "4"]
[TimeControl "180+2"]
[Date "2023.07.04"]
[WhiteClock "0:00:08"]
[BlackClock "0:00:49"]
[Board "148"]

1. d4 d5 2. c4 c6 3. cxd5 cxd5 4. Nc3 Nf6 5. Bf4 Nc6 6. e3 a6 7. a3 Bf5 8. Bd3 Bxd3 9. Qxd3 e6 10. Nf3 Be7 11. O-O O-O 12. Ne5 Nxe5 13. Bxe5 Nd7 14. Bg3 Rc8 15. Rac1 Nb6 16. Ne2 Nc4 17. Rc2 Qb6 18. Rb1 Rc6 19. Nc3 Qb3 20. Qd1 Rfc8 21. Re2 Qxd1+ 22. Nxd1 Na5 23. Kf1 Nb3 24. Ke1 Rc1 25. Rxc1 Rxc1 26. f3 b5 27. Rf2 b4 28. axb4 Bxb4+ 29. Ke2 Na5 30. Kd3 Rxd1+ 0-1


[Site "https://www.chess.com"]

[Event "Titled Tuesday Blitz July 4 Early 2023"]
[White "Slavin, Alexey"]
[Black "Moral Garcia, Serafin"]
[WhiteFideId "24104388"]
[BlackFideId "2201925"]
[WhiteElo "2390"]
[BlackElo "2588"]
[Result "0-1"]
[Round "4"]
[TimeControl "180+2"]
[Date "2023.07.04"]
[WhiteClock "0:00:08"]
[BlackClock "0:01:23"]
[Board "149"]

1. e4 c5 2. g3 d5 3. exd5 Qxd5 4. Qf3 Qxf3 5. Nxf3 Nc6 6. a3 Bf5 7. d3 Nf6 8. Bg2 h6 9. O-O e6 10. Nh4 Nd4 11. Nxf5 Nxc2 12. Nxg7+ Bxg7 13. Ra2 O-O-O 14. b4 Nd4 15. bxc5 Nd5 16. Be3 Nxe3 17. fxe3 Nf5 18. e4 Bd4+ 19. Kh1 Ne3 20. Rxf7 Bxc5 21. Rd2 Bd4 22. Bh3 Rd6 23. a4 Kb8 24. Na3 Rc8 25. Nc4 Nxc4 26. dxc4 Rxc4 27. Rf8+ Kc7 28. Rf7+ Kb6 29. Re7 e5 30. Bc8 Rxc8 31. Kg2 Rf6 32. h4 Rcf8 33. Kh3 Rf2 34. Rd3 R8f3 35. Rxf3 Rxf3 36. Re6+ Ka5 37. Rxh6 Bf2 38. Rg6 Kxa4 39. Kg2 Rf8 40. Re6 Bd4 41. h5 b5 42. g4 b4 43. Re7 a5 44. g5 Be3 45. g6 Bh6 46. Rxe5 b3 47. Re7 Rb8 48. Rh7 b2 49. Rxh6 b1=Q 0-1


[Site "https://www.chess.com"]

[Event "Titled Tuesday Blitz July 4 Early 2023"]
[White "FuenfgegenWilly"]
[Black "Marosi, Levente"]
[BlackFideId "747181"]
[WhiteElo "2385"]
[BlackElo "2587"]
[Result "1-0"]
[Round "4"]
[TimeControl "180+2"]
[Date "2023.07.04"]
[WhiteClock "0:00:53"]
[BlackClock "0:00:10"]
[Board "150"]

1. d4 Nf6 2. c4 g6 3. Nc3 Bg7 4. e4 d6 5. Nf3 O-O 6. g3 e5 7. Bg2 Nc6 8. O-O h6 9. dxe5 dxe5 10. Be3 Be6 11. b3 Nd7 12. Nd5 Ne7 13. Qc2 c6 14. Nxe7+ Qxe7 15. Rad1 Rfd8 16. Rd2 Nf8 17. Rfd1 Rxd2 18. Rxd2 Bg4 19. Ne1 a5 20. h3 Be6 21. Nd3 Nd7 22. Kh2 g5 23. c5 f6 24. Nb2 Bf8 25. Na4 Qf7 26. Bf1 Re8 27. Qc3 Ra8 28. Be2 Kg7 29. Nb2 Qe7 30. Na4 Qf7 31. Qc1 Qe7 32. Bc4 Qf7 33. Qd1 Nb8 34. Nb6 Bxc4 35. bxc4 Ra6 36. Rd8 Rxb6 37. cxb6 1-0


[Site "https://www.chess.com"]

[Event "Titled Tuesday Blitz July 4 Early 2023"]
[White "ATM622"]
[Black "Melikhov, Evgeny V."]
[BlackFideId "4122046"]
[WhiteElo "2578"]
[BlackElo "2383"]
[Result "1/2-1/2"]
[Round "4"]
[TimeControl "180+2"]
[Date "2023.07.04"]
[WhiteClock "0:00:18"]
[BlackClock "0:00:13"]
[Board "151"]

1. d4 Nf6 2. c4 e6 3. g3 d5 4. Bg2 dxc4 5. Nf3 Nc6 6. O-O Rb8 7. a4 a6 8. a5 Bd6 9. Qa4 O-O 10. Qxc4 e5 11. dxe5 Nxe5 12. Nxe5 Bxe5 13. Nc3 c6 14. Rd1 Qe7 15. b3 Be6 16. Ba3 Bxc4 17. Bxe7 Bxc3 18. Bxf8 Bxb3 19. Bd6 Rd8 20. Be5 Rxd1+ 21. Rxd1 Bxd1 22. Bxc3 Bxe2 23. Bh3 Bg4 24. Bg2 Be6 25. f4 Bd5 26. Bh3 Be6 27. Bg2 Nd5 28. Bd4 f6 29. Kf2 Kf7 30. h3 g5 31. fxg5 fxg5 32. Be4 h5 33. h4 gxh4 34. gxh4 Bg4 35. Kg3 Ke6 36. Bg6 Kd6 37. Bg7 c5 38. Bf8+ Kc6 39. Be8+ Bd7 40. Bxd7+ Kxd7 41. Bxc5 Kc6 42. Bf2 Kb5 43. Be1 b6 44. axb6 Kxb6 45. Kf3 Kc5 46. Ke4 Kc4 47. Kf5 Nc3 48. Bg3 a5 49. Bd6 a4 50. Kg6 Ne4 51. Ba3 Kb3 52. Bc1 Ng3 53. Bf4 Ne2 54. Bd6 Nd4 55. Kxh5 Nf5 56. Bf8 a3 57. Bxa3 Kxa3 58. Kg5 Nxh4 1/2-1/2


[Site "https://www.chess.com"]

[Event "Titled Tuesday Blitz July 4 Early 2023"]
[White "Wartiovaara, Oliver"]
[Black "Arat, Ufuk Sezen"]
[WhiteFideId "513024"]
[BlackFideId "6309089"]
[WhiteElo "2382"]
[BlackElo "2574"]
[Result "0-1"]
[Round "4"]
[TimeControl "180+2"]
[Date "2023.07.04"]
[WhiteClock "0:00:43"]
[BlackClock "0:01:28"]
[Board "152"]

1. e4 c5 2. c3 d5 3. exd5 Qxd5 4. d4 Nf6 5. Nf3 Nc6 6. Be3 cxd4 7. Nxd4 Nxd4 8. Qxd4 e6 9. Nd2 Be7 10. Bc4 Qxd4 11. Bxd4 O-O 12. O-O-O Bd7 13. Nf3 Rfd8 14. Bb3 b5 15. Ne5 Be8 16. f3 a5 17. a3 b4 18. axb4 axb4 19. Kc2 bxc3 20. bxc3 Nd5 21. Ra1 Rac8 22. Kb2 f6 23. Nd3 e5 24. Bb6 Rd7 25. c4 Nxb6 26. c5+ Nd5 27. Nb4 Bf7 28. c6 Rdd8 0-1


[Site "https://www.chess.com"]

[Event "Titled Tuesday Blitz July 4 Early 2023"]
[White "Terletsky, Oleg"]
[Black "Goldin, Roman"]
[WhiteFideId "14116774"]
[BlackFideId "2803860"]
[WhiteElo "2561"]
[BlackElo "2379"]
[Result "1/2-1/2"]
[Round "4"]
[TimeControl "180+2"]
[Date "2023.07.04"]
[WhiteClock "0:00:15"]
[BlackClock "0:00:05"]
[Board "153"]

1. e4 Nc6 2. d4 e5 3. Nf3 exd4 4. Nxd4 g6 5. c4 Bg7 6. Be3 Nf6 7. Nc3 Ng4 8. Qxg4 Nxd4 9. Qd1 Ne6 10. Rc1 O-O 11. Bd3 Re8 12. O-O d6 13. Qd2 c6 14. b4 a5 15. a3 axb4 16. axb4 Bd7 17. Bb1 Ra3 18. Ne2 Qe7 19. Rcd1 Bf8 20. f4 Ng7 21. Ng3 d5 22. Bc5 Qh4 23. Bxf8 Rxf8 24. cxd5 cxd5 25. exd5 Rfa8 26. f5 Rxg3 27. hxg3 Qxg3 28. fxg6 hxg6 29. Qf4 Qxf4 30. Rxf4 Nf5 31. Bxf5 Bxf5 32. d6 Rd8 33. Rc4 Kg7 34. Rc7 Be4 35. Rd4 Bc6 36. b5 Bxb5 37. Rxb7 Bd7 38. Rc7 Kf6 39. Kf2 Ke6 40. Ke3 Bb5 41. Re7+ Kf6 42. Ree4 Bd7 43. g3 Bf5 44. Rf4 Re8+ 45. Kd2 Ke5 46. d7 Rd8 47. g4 Rxd7 48. Rxd7 Bxd7 49. Rxf7 Bxg4 50. Ke3 Bf5 51. Ra7 Kf6 52. Ra5 Kg5 53. Kf3 Kh5 54. Kg3 Kg5 55. Ra7 Kf6 56. Kf4 g5+ 57. Ke3 Ke5 58. Ra5+ Kf6 59. Kd4 g4 60. Ke3 Kg5 61. Kf2 Kf4 62. Ra4+ Be4 63. Rb4 Ke5 64. Kg3 Bf3 65. Rxg4 Bxg4 1/2-1/2


[Site "https://www.chess.com"]

[Event "Titled Tuesday Blitz July 4 Early 2023"]
[White "San Thit Lwin"]
[Black "Mamedov, Edgar"]
[WhiteFideId "13001272"]
[BlackFideId "13739980"]
[WhiteElo "2376"]
[BlackElo "2552"]
[Result "0-1"]
[Round "4"]
[TimeControl "180+2"]
[Date "2023.07.04"]
[WhiteClock "0:00:17"]
[BlackClock "0:01:29"]
[Board "154"]

1. Nf3 d5 2. c4 c6 3. d4 Nf6 4. Nc3 e6 5. e3 Nbd7 6. Qc2 Bd6 7. Be2 O-O 8. O-O dxc4 9. Bxc4 b5 10. Bd3 Bb7 11. e4 e5 12. Bg5 Qc7 13. h3 Rfe8 14. Rac1 a6 15. Rfd1 exd4 16. Nxd4 c5 17. Nf5 Bh2+ 18. Kh1 Bf4 19. Bxf6 Nxf6 20. Rb1 c4 21. Bf1 Nxe4 22. Nd5 Bxd5 23. Rxd5 g6 24. Nh4 Qb6 25. Kg1 Nxf2 0-1


[Site "https://www.chess.com"]

[Event "Titled Tuesday Blitz July 4 Early 2023"]
[White "Koridze, Lile"]
[Black "Sowa, Ryan"]
[WhiteFideId "13612514"]
[BlackFideId "30901693"]
[WhiteElo "2372"]
[BlackElo "2544"]
[Result "0-1"]
[Round "4"]
[TimeControl "180+2"]
[Date "2023.07.04"]
[WhiteClock "0:00:00"]
[BlackClock "0:00:13"]
[Board "155"]

1. d4 Nh6 2. c4 g6 3. Nc3 Bg7 4. e4 d6 5. h3 O-O 6. Nf3 f6 7. Be3 e5 8. Qd2 Nf7 9. Be2 Nc6 10. O-O f5 11. dxe5 dxe5 12. Bc5 Qxd2 13. Nxd2 Rd8 14. Nf3 fxe4 15. Nxe4 Nd4 16. Nxd4 exd4 17. Rad1 b6 18. Ba3 Bf5 19. Bf3 Ne5 20. Ng5 Nxf3+ 21. Nxf3 c5 22. b4 cxb4 23. Bxb4 Rac8 24. Rc1 Bd3 25. Rfd1 Bxc4 26. a3 d3 27. Nd2 Bd5 28. Rxc8 Rxc8 29. Nf1 Bc4 30. Ne3 Bb5 31. a4 Ba6 32. a5 Kf7 33. axb6 axb6 34. Ra1 Ra8 35. Rc1 Be5 36. Rc6 Bb5 37. Rc1 Ra4 38. Bd2 Ra2 39. Bb4 Ba4 0-1


[Site "https://www.chess.com"]

[Event "Titled Tuesday Blitz July 4 Early 2023"]
[White "Thecourseoisildur"]
[Black "Ahn, Hongjin"]
[BlackFideId "13201492"]
[WhiteElo "2542"]
[BlackElo "2370"]
[Result "1-0"]
[Round "4"]
[TimeControl "180+2"]
[Date "2023.07.04"]
[WhiteClock "0:00:56"]
[BlackClock "0:00:01"]
[Board "156"]

1. e4 h5 2. Bc4 h4 3. Nf3 h3 4. Ng5 d5 5. Qf3 Nf6 6. exd5 hxg2 7. Qxg2 Rh4 8. d3 Nbd7 9. d6 Ne5 10. dxc7 Qxc7 11. Bb5+ Bd7 12. Bxd7+ Nfxd7 13. f4 Nxd3+ 14. cxd3 Qxc1+ 15. Ke2 Qxb2+ 16. Nd2 Rd8 17. Ne6 Rh6 18. Nc7# 1-0


[Site "https://www.chess.com"]

[Event "Titled Tuesday Blitz July 4 Early 2023"]
[White "Fernandez, Michael"]
[Black "WindWhistler11"]
[WhiteFideId "5803560"]
[WhiteElo "2366"]
[BlackElo "2542"]
[Result "0-1"]
[Round "4"]
[TimeControl "180+2"]
[Date "2023.07.04"]
[WhiteClock "0:00:01"]
[BlackClock "0:01:15"]
[Board "157"]

1. d4 f5 2. c4 Nf6 3. Nc3 g6 4. g3 Bg7 5. Bg2 O-O 6. Nf3 d6 7. O-O Nc6 8. d5 Ne5 9. Nxe5 dxe5 10. e4 f4 11. gxf4 Nh5 12. fxe5 Bxe5 13. Ne2 Qd6 14. f4 Nxf4 15. Nxf4 Bxf4 16. Bxf4 Rxf4 17. Qd4 e5 18. Qe3 Bg4 19. c5 Qf6 20. Rf2 g5 21. Raf1 Rf8 22. Qg3 h5 23. h3 Bc8 24. h4 g4 25. Qe3 b6 26. b4 Ba6 27. Rxf4 exf4 28. e5 Bxf1 0-1


[Site "https://www.chess.com"]